3L
ECHO PARK LAKERS @ HOUSTON 1837 BBC
08/10/2031
 
TOP OF THE 1ST
Echo Park Lakers batting - Pitching for Houston 1837 BBC : RHP Nicolas Roche
Pitching: RHP Nicolas Roche
Batting: RHB Guillermo Coss 0-0: Ball
1-0: Swinging Strike
1-1: Ball
2-1: SINGLE (Groundball, 6MD)
Batting: RHB Miguel Morán 0-0: Swinging Strike
0-1: Ball
1-1: Ball
2-1: Foul Ball, location: 2F
2-2: SINGLE (Groundball, 34) (infield hit)
Guillermo Coss to second
Batting: RHB Kumanosuke Abe 0-0: Ball
1-0: Called Strike
1-1: Ball
2-1: Ball
3-1: Foul Ball, location: 2F
3-2: Fly out, F7 (Flyball, 7S)
Batting: RHB Yoshihito Samurakami 0-0: Swinging Strike
0-1: Foul Ball, location: 2F
0-2: Strikes out swinging
Batting: LHB Stefan Vanderhoof 0-0: Ball
1-0: Swinging Strike
1-1: Called Strike
1-2: Ball
2-2: SINGLE (Line Drive, 34D)
Guillermo Coss to third
Miguel Morán to second
Runner from 3rd tries for Home, SAFE, no throw
Batting: RHB Chris Harrell 0-0: Foul Ball, location: 2F
0-1: Ball
1-1: Called Strike
1-2: Foul Ball, location: 2F
1-2: Ball
2-2: Strikes out swinging
Top of the 1st over - 1 run, 3 hits, 0 errors, 2 left on base; Echo Park 1 - Houston 0
BOTTOM OF THE 1ST
Houston 1837 BBC batting - Pitching for Echo Park Lakers : RHP Arnout Els
Pitching: RHP Arnout Els
Batting: RHB Kenny Fleming 0-0: Called Strike
0-1: Foul Ball, location: 2F
0-2: Foul Ball, location: 2F
0-2: Foul Ball, location: 2F
0-2: Ball
1-2: Foul Ball, location: 2F
1-2: Foul Ball, location: 2F
1-2: Strikes out swinging
Batting: SHB Eduardo Pampin 0-0: Ball
1-0: SINGLE (Groundball, 6D)
Batting: SHB Nobuhisa Hatoyama 0-0: Fly out, F7 (Line Drive, 7LD)
Batting: LHB Guillermo Arellano 0-0: Ball
1-0: Reached on error, E5 (Popup, 5)
Eduardo Pampin to second
Batting: RHB Xavier Pérez 0-0: Ball
1-0: Fielders Choice at 2nd, 6-4 (Groundball, 6)
Bottom of the 1st over - 0 runs, 1 hit, 1 error, 2 left on base; Echo Park 1 - Houston 0
TOP OF THE 2ND
Echo Park Lakers batting - Pitching for Houston 1837 BBC : RHP Nicolas Roche
Batting: RHB Freddy Torres 0-0: Ball
1-0: Called Strike
1-1: Ball
2-1: Called Strike
2-2: Ball
3-2: Foul Ball, location: 2F
3-2: Hit by Pitch
Pinch Runner at 1st Alfredo Mojica:
Batting: RHB Ismael Sandoval 0-0: Foul Ball, location: 2F
0-1: Ball
1-1: Swinging Strike
1-2: Ball
2-2: Foul Ball, location: 2F
2-2: Ball
3-2: Grounds into double play, 6-4-3 (Groundball, 6M)
Batting: LHB Bartolo Sierra 0-0: Ball
1-0: Ball
2-0: Called Strike
2-1: Ball
3-1: Base on Balls
Batting: RHB Guillermo Coss 0-0: Fly out, F6 (Line Drive, 6)
Top of the 2nd over - 0 runs, 0 hits, 0 errors, 1 left on base; Echo Park 1 - Houston 0
BOTTOM OF THE 2ND
Houston 1837 BBC batting - Pitching for Echo Park Lakers : RHP Arnout Els
Now at SS: Alfredo Mojica
Batting: RHB Bob Dickerson 0-0: Called Strike
0-1: Ball
1-1: Swinging Strike
1-2: Foul Ball, location: 2F
1-2: Ground out 5-3 (Groundball, 56S)
Batting: RHB Dave Yates 0-0: Ball
1-0: Called Strike
1-1: Ball
2-1: Ball
3-1: Base on Balls
Batting: RHB Lionel McCloud 0-0: Ball
1-0: Foul Ball, location: 2F
1-1: DOUBLE (Flyball, 8LXD)
Dave Yates to third
Runner from 3rd tries for Home, SAFE, no throw
Batting: RHB Komotay Koffie 0-0: Fly out, F9 (Flyball, 9LM)
Batting: RHB Kenny Fleming 0-0: Ball
1-0: Fly out, F8 (Flyball, 89D)
Bottom of the 2nd over - 1 run, 1 hit, 0 errors, 1 left on base; Echo Park 1 - Houston 1
TOP OF THE 3RD
Echo Park Lakers batting - Pitching for Houston 1837 BBC : RHP Nicolas Roche
Batting: RHB Miguel Morán 0-0: Ball
1-0: Ball
2-0: Foul Ball, location: 2F
2-1: Ball
3-1: Ground out 5-3 (Groundball, 56S)
Batting: RHB Kumanosuke Abe 0-0: Ball
1-0: Ball
2-0: Ball
3-0: Foul Ball, location: 2F
3-1: Foul Ball, location: 2F
3-2: Base on Balls
Batting: RHB Yoshihito Samurakami 0-0: Ball
1-0: Called Strike
1-1: Called Strike
1-2: Grounds into double play, 1-6-3 (Groundball, P)
Top of the 3rd over - 0 runs, 0 hits, 0 errors, 0 left on base; Echo Park 1 - Houston 1
BOTTOM OF THE 3RD
Houston 1837 BBC batting - Pitching for Echo Park Lakers : RHP Arnout Els
Batting: SHB Eduardo Pampin 0-0: Foul Ball, location: 2F
0-1: Swinging Strike
0-2: Ball
1-2: Foul Ball, location: 2F
1-2: Foul Ball, location: 2F
1-2: Foul Ball, location: 2F
1-2: Ball
2-2: Ball
3-2: Ground out 6-3 (Groundball, 6)
Batting: SHB Nobuhisa Hatoyama 0-0: Fly out, F7 (Flyball, 7LD)
Batting: LHB Guillermo Arellano 0-0: Ball
1-0: DOUBLE (Flyball, 78D)
Batting: RHB Xavier Pérez 0-0: Ball
1-0: Ball
2-0: Ground out 6-3 (Groundball, 6)
Bottom of the 3rd over - 0 runs, 1 hit, 0 errors, 1 left on base; Echo Park 1 - Houston 1
TOP OF THE 4TH
Echo Park Lakers batting - Pitching for Houston 1837 BBC : RHP Nicolas Roche
Batting: LHB Stefan Vanderhoof 0-0: Fly out, F8 (Flyball, 8RM)
Batting: RHB Chris Harrell 0-0: Foul Ball, location: 2F
0-1: Called Strike
0-2: Strikes out looking
Batting: RHB Alfredo Mojica 0-0: Foul Ball, location: 2F
0-1: Ground out 4-3 (Groundball, 4S)
Top of the 4th over - 0 runs, 0 hits, 0 errors, 0 left on base; Echo Park 1 - Houston 1
BOTTOM OF THE 4TH
Houston 1837 BBC batting - Pitching for Echo Park Lakers : RHP Arnout Els
Batting: RHB Bob Dickerson 0-0: Called Strike
0-1: Ground out 5-3 (Groundball, 56S)
Batting: RHB Dave Yates 0-0: Ball
1-0: Ball
2-0: SINGLE (Line Drive, 6MD)
Batting: RHB Lionel McCloud 0-0: Ball
1-0: Called Strike
1-1: Ball
2-1: Swinging Strike
2-2: Ball
3-2: Fly out, F9 (Flyball, 9LSF)
Batting: RHB Komotay Koffie 0-0: SINGLE (Groundball, 5D)
Dave Yates to second
Batting: RHB Kenny Fleming 0-0: Fly out, F8 (Flyball, 8LM)
Bottom of the 4th over - 0 runs, 2 hits, 0 errors, 2 left on base; Echo Park 1 - Houston 1
TOP OF THE 5TH
Echo Park Lakers batting - Pitching for Houston 1837 BBC : RHP Nicolas Roche
Batting: RHB Ismael Sandoval 0-0: Ball
1-0: Fly out, F9 (Line Drive, 9S)
Batting: LHB Bartolo Sierra 0-0: Called Strike
0-1: Ball
1-1: Foul Ball, location: 2F
1-2: Strikes out swinging
Batting: RHB Guillermo Coss 0-0: Fly out, F9 (Line Drive, 9)
Top of the 5th over - 0 runs, 0 hits, 0 errors, 0 left on base; Echo Park 1 - Houston 1
BOTTOM OF THE 5TH
Houston 1837 BBC batting - Pitching for Echo Park Lakers : RHP Arnout Els
Batting: SHB Eduardo Pampin 0-0: Called Strike
0-1: Fly out, F9 (Flyball, 9LS)
Batting: SHB Nobuhisa Hatoyama 0-0: Ball
1-0: Foul Ball, location: 2F
1-1: Ground out 6-3 (Groundball, 6)
Batting: LHB Guillermo Arellano 0-0: Ball
1-0: Ball
2-0: Ball
3-0: Base on Balls
Batting: RHB Xavier Pérez 0-0: Foul Ball, location: 2F
0-1: Ball
1-1: Called Strike
1-2: Ball
2-2: Foul Ball, location: 2F
2-2: Ball
3-2: Ground out 5-3 (Groundball, 5)
Bottom of the 5th over - 0 runs, 0 hits, 0 errors, 1 left on base; Echo Park 1 - Houston 1
TOP OF THE 6TH
Echo Park Lakers batting - Pitching for Houston 1837 BBC : RHP Nicolas Roche
Batting: RHB Miguel Morán 0-0: Ball
1-0: Ball
2-0: Foul Ball, location: 2F
2-1: SINGLE (Line Drive, 7S)
Batting: RHB Kumanosuke Abe 0-0: Ball
1-0: Swinging Strike
1-1: Grounds into double play, 5-4-3 (Groundball, 56)
Batting: RHB Yoshihito Samurakami 0-0: Foul Ball, location: 2F
0-1: Ball
1-1: Foul Ball, location: 2F
1-2: Ball
2-2: Strikes out swinging
Top of the 6th over - 0 runs, 1 hit, 0 errors, 0 left on base; Echo Park 1 - Houston 1
BOTTOM OF THE 6TH
Houston 1837 BBC batting - Pitching for Echo Park Lakers : RHP Arnout Els
Batting: RHB Bob Dickerson 0-0: Fly out, F8 (Flyball, 8LS)
Batting: RHB Dave Yates 0-0: Ball
1-0: Fly out, F7 (Line Drive, 7S)
Batting: RHB Lionel McCloud 0-0: Ball
1-0: Fly out, F9 (Flyball, 9LSF)
Bottom of the 6th over - 0 runs, 0 hits, 0 errors, 0 left on base; Echo Park 1 - Houston 1
TOP OF THE 7TH
Echo Park Lakers batting - Pitching for Houston 1837 BBC : RHP Nicolas Roche
Batting: LHB Stefan Vanderhoof 0-0: Fly out, F8 (Flyball, 8RM)
Pitching: RHP Georg von Trapp
Batting: RHB Chris Harrell 0-0: Called Strike
0-1: Foul Ball, location: 2F
0-2: Ground out 1-5-3 (Groundball, 15S)
Batting: RHB Alfredo Mojica 0-0: Called Strike
0-1: Called Strike
0-2: Ball
1-2: Strikes out swinging
Top of the 7th over - 0 runs, 0 hits, 0 errors, 0 left on base; Echo Park 1 - Houston 1
BOTTOM OF THE 7TH
Houston 1837 BBC batting - Pitching for Echo Park Lakers : RHP Arnout Els
Batting: RHB Komotay Koffie 0-0: Ball
1-0: Ball
2-0: Called Strike
2-1: Ball
3-1: Ground out 5-3 (Groundball, 56)
Batting: RHB Kenny Fleming 0-0: Ground out 5-3 (Groundball, 56S)
Batting: SHB Eduardo Pampin 0-0: Called Strike
0-1: Ball
1-1: SINGLE (Groundball, 6MD)
Batting: SHB Nobuhisa Hatoyama 0-0: Ball
1-0: Ground out 4-3 (Groundball, 34)
Bottom of the 7th over - 0 runs, 1 hit, 0 errors, 1 left on base; Echo Park 1 - Houston 1
TOP OF THE 8TH
Echo Park Lakers batting - Pitching for Houston 1837 BBC : RHP Georg von Trapp
Batting: RHB Ismael Sandoval 0-0: Called Strike
0-1: Foul Ball, location: 2F
0-2: Ball
1-2: Ball
2-2: Ball
3-2: Fly out, F7 (Flyball, 7)
Batting: LHB Bartolo Sierra 0-0: Ball
1-0: Swinging Strike
1-1: Ground out U3 (Groundball, 3)
Batting: RHB Guillermo Coss 0-0: Foul Ball, location: 2F
0-1: Foul Ball, location: 2F
0-2: Foul Ball, location: 2F
0-2: Ball
1-2: Foul Ball, location: 2F
1-2: Foul Ball, location: 2F
1-2: Strikes out swinging
Top of the 8th over - 0 runs, 0 hits, 0 errors, 0 left on base; Echo Park 1 - Houston 1
BOTTOM OF THE 8TH
Houston 1837 BBC batting - Pitching for Echo Park Lakers : RHP Arnout Els
Batting: LHB Guillermo Arellano 0-0: Called Strike
0-1: Swinging Strike
0-2: Fly out, F7 (Flyball, 7S)
Batting: RHB Xavier Pérez 0-0: Called Strike
0-1: Called Strike
0-2: Ball
1-2: Ground out 4-3 (Groundball, 6MD)
Batting: RHB Bob Dickerson 0-0: Ball
1-0: Ball
2-0: Called Strike
2-1: Ball
3-1: Called Strike
3-2: Base on Balls
Batting: RHB Dave Yates 0-0: Ball
1-0: Ball
2-0: SINGLE (Flyball, 78S)
Bob Dickerson to second
Pinch Runner at 2nd Bernardo Herrera:
Batting: RHB Lionel McCloud 0-0: Ball
1-0: Foul Ball, location: 2F
1-1: Fly out, F4 (Popup, 4MS)
Bottom of the 8th over - 0 runs, 1 hit, 0 errors, 2 left on base; Echo Park 1 - Houston 1
TOP OF THE 9TH
Echo Park Lakers batting - Pitching for Houston 1837 BBC : RHP Georg von Trapp
Pitching: RHP Pedro Valdéz
Now at 2B: Bernardo Herrera
Batting: RHB Miguel Morán 0-0: Foul Ball, location: 2F
0-1: Swinging Strike
0-2: Ball
1-2: Strikes out swinging
Batting: RHB Kumanosuke Abe 0-0: Ball
1-0: Called Strike
1-1: Ball
2-1: Ball
3-1: Foul Ball, location: 2F
3-2: Base on Balls
Batting: RHB Yoshihito Samurakami 0-0: Ball
1-0: Swinging Strike
1-1: Ball
2-1: Called Strike
2-2: Foul Ball, location: 2F
2-2: Reached on error, E5 (Groundball, 56)
Kumanosuke Abe to second
Batting: LHB Stefan Vanderhoof 0-0: Called Strike
0-1: Ball
1-1: Called Strike
1-2: Strikes out looking
Batting: RHB Chris Harrell 0-0: Called Strike
0-1: Foul Ball, location: 2F
0-2: Ball
1-2: Strikes out swinging
Top of the 9th over - 0 runs, 0 hits, 1 error, 2 left on base; Echo Park 1 - Houston 1
BOTTOM OF THE 9TH
Houston 1837 BBC batting - Pitching for Echo Park Lakers : RHP Arnout Els
Batting: RHB Komotay Koffie 0-0: Called Strike
0-1: Called Strike
0-2: Foul Ball, location: 2F
0-2: SINGLE (Line Drive, 6)
Pinch Hitting: RHB Juan Chávez 0-0: Ball
1-0: Called Strike
1-1: Foul Ball, location: 2F
1-2: Ball
2-2: Ball
3-2: Foul Ball, location: 2F
3-2: SINGLE (Line Drive, 6D)
Komotay Koffie to second
Pitching: RHP Stef Dijkman
Batting: SHB Eduardo Pampin 0-0: Ball
1-0: Ball
2-0: Ball
3-0: Called Strike
3-1: Called Strike
3-2: Strikes out swinging
Batting: SHB Nobuhisa Hatoyama 0-0: Ball
1-0: Foul Ball, location: 2F
1-1: Foul Ball, location: 2F
1-2: Strikes out swinging
Batting: LHB Guillermo Arellano 0-0: Called Strike
0-1: Ball
1-1: Called Strike
1-2: Ball
2-2: Ball
3-2: Ground out 4-3 (Groundball, 4)
Bottom of the 9th over - 0 runs, 2 hits, 0 errors, 2 left on base; Echo Park 1 - Houston 1
TOP OF THE 10TH
Echo Park Lakers batting - Pitching for Houston 1837 BBC : RHP Pedro Valdéz
Now in LF: Juan Chávez
Batting: RHB Alfredo Mojica 0-0: Called Strike
0-1: Called Strike
0-2: Ball
1-2: Hit by Pitch
Pinch Runner at 1st Habbo Allaart:
Batting: RHB Ismael Sandoval 0-0: Ball
1-0: Ball
2-0: Sac Bunt - play at first, batter OUT! 1-4
Habbo Allaart to second
Batting: LHB Bartolo Sierra 0-0: Ball
Habbo Allaart is caught stealing 3rd base
1-0: Fly out, F7 (Line Drive, 7)
Top of the 10th over - 0 runs, 0 hits, 0 errors, 0 left on base; Echo Park 1 - Houston 1
BOTTOM OF THE 10TH
Houston 1837 BBC batting - Pitching for Echo Park Lakers : RHP Stef Dijkman
Pitching: RHP Júlio Saldańa
Now at SS: Habbo Allaart
Batting: RHB Xavier Pérez 0-0: Ball
1-0: Ball
2-0: Ball
3-0: Fly out, F8 (Flyball, 8RS)
Batting: RHB Bernardo Herrera 0-0: Called Strike
0-1: Ball
1-1: Ball
2-1: Ball
3-1: Ground out 5-3 (Groundball, 56)
Batting: RHB Dave Yates 0-0: Called Strike
0-1: Ball
1-1: Called Strike
1-2: Ground out 4-3 (Groundball, 4)
Bottom of the 10th over - 0 runs, 0 hits, 0 errors, 0 left on base; Echo Park 1 - Houston 1
TOP OF THE 11TH
Echo Park Lakers batting - Pitching for Houston 1837 BBC : RHP Pedro Valdéz
Pitching: RHP Jon Briddon
Batting: RHB Guillermo Coss 0-0: Ball
1-0: Ball
2-0: Foul Ball, location: 2F
2-1: Ground out 4-3 (Groundball, 34)
Batting: RHB Miguel Morán 0-0: Ball
1-0: Swinging Strike
1-1: Called Strike
1-2: Foul Ball, location: 2F
1-2: Strikes out looking
Batting: RHB Kumanosuke Abe 0-0: Called Strike
0-1: Ball
1-1: Ball
2-1: Ball
3-1: Called Strike
3-2: Foul Ball, location: 2F
3-2: Base on Balls
Batting: RHB Yoshihito Samurakami 0-0: Fly out, F8 (Flyball, 8RXD)
Top of the 11th over - 0 runs, 0 hits, 0 errors, 1 left on base; Echo Park 1 - Houston 1
BOTTOM OF THE 11TH
Houston 1837 BBC batting - Pitching for Echo Park Lakers : RHP Júlio Saldańa
Batting: RHB Lionel McCloud 0-0: Fly out, F3 (Popup, 23F)
Batting: RHB Komotay Koffie 0-0: Ball
1-0: Ball
2-0: Ball
3-0: Called Strike
3-1: Foul Ball, location: 2F
3-2: Strikes out looking
Batting: RHB Juan Chávez 0-0: Ball
1-0: Foul Ball, location: 2F
1-1: Foul Ball, location: 2F
1-2: Foul Ball, location: 2F
1-2: Foul Ball, location: 2F
1-2: Ball
2-2: Foul Ball, location: 2F
2-2: Foul Ball, location: 2F
2-2: SINGLE (Groundball, 56D)
Batting: SHB Eduardo Pampin 0-0: Ball
1-0: Foul Ball, location: 2F
1-1: Foul Ball, location: 2F
1-2: Ball
2-2: Ground out 4-3 (Groundball, 4)
Bottom of the 11th over - 0 runs, 1 hit, 0 errors, 1 left on base; Echo Park 1 - Houston 1
TOP OF THE 12TH
Echo Park Lakers batting - Pitching for Houston 1837 BBC : RHP Jon Briddon
Batting: LHB Stefan Vanderhoof 0-0: Ball
1-0: Foul Ball, location: 2F
1-1: Called Strike
1-2: Strikes out swinging
Batting: RHB Chris Harrell 0-0: Called Strike
0-1: SINGLE (Line Drive, 6MD)
Batting: RHB Habbo Allaart 0-0: Called Strike
0-1: Fielders Choice at 2nd, 4-6 (Groundball, 4M)
Batting: RHB Ismael Sandoval 0-0: Called Strike
0-1: SINGLE (Groundball, 34S) (infield hit)
Habbo Allaart to second
Batting: LHB Bartolo Sierra 0-0: Called Strike
0-1: Ball
Passed Ball!
Habbo Allaart to third
Ismael Sandoval to second
1-1: Called Strike
1-2: Strikes out swinging
Top of the 12th over - 0 runs, 2 hits, 0 errors, 2 left on base; Echo Park 1 - Houston 1
BOTTOM OF THE 12TH
Houston 1837 BBC batting - Pitching for Echo Park Lakers : RHP Júlio Saldańa
Pitching: LHP Kaluka Wene
Batting: SHB Nobuhisa Hatoyama 0-0: Fly out, F7 (Flyball, 78S)
Pinch Hitting: RHB Phil Sherman 0-0: Foul Ball, location: 2F
0-1: Fly out, F1 (Line Drive, 13)
Batting: RHB Xavier Pérez 0-0: Called Strike
0-1: Ground out 3-1 (Groundball, 34)
Bottom of the 12th over - 0 runs, 0 hits, 0 errors, 0 left on base; Echo Park 1 - Houston 1
TOP OF THE 13TH
Echo Park Lakers batting - Pitching for Houston 1837 BBC : RHP Jon Briddon
Pitching: RHP Prince Nakamura
Now at 1B: Phil Sherman
Batting: RHB Guillermo Coss 0-0: Ball
1-0: Ground out U3 (Groundball, 34)
Batting: RHB Miguel Morán 0-0: Ball
1-0: Ball
2-0: Called Strike
2-1: Foul Ball, location: 2F
2-2: SINGLE (Line Drive, 9S)
Batting: RHB Kumanosuke Abe 0-0: Ball
1-0: Called Strike
1-1: Swinging Strike
1-2: Strikes out swinging
Batting: RHB Yoshihito Samurakami 0-0: Ball
1-0: Ball
2-0: 2-RUN HOME RUN (Flyball, 7D), Distance : 404 ft
Batting: LHB Stefan Vanderhoof 0-0: Ball
1-0: Swinging Strike
1-1: Called Strike
1-2: Foul Ball, location: 2F
1-2: Foul Ball, location: 2F
1-2: Foul Ball, location: 2F
1-2: Ground out 4-3 (Groundball, 4)
Top of the 13th over - 2 runs, 2 hits, 0 errors, 0 left on base; Echo Park 3 - Houston 1
BOTTOM OF THE 13TH
Houston 1837 BBC batting - Pitching for Echo Park Lakers : LHP Kaluka Wene
Now in LF: Jesús Villalba
Batting: RHB Bernardo Herrera 0-0: Called Strike
0-1: Called Strike
0-2: Ball
1-2: Ball
2-2: Foul Ball, location: 2F
2-2: SINGLE (Line Drive, 56D)
Batting: RHB Dave Yates 0-0: Called Strike
0-1: Fly out, F8 (Line Drive, 8LXD)
Batting: RHB Lionel McCloud 0-0: Swinging Strike
0-1: Foul Ball, location: 2F
0-2: Foul Ball, location: 2F
0-2: SINGLE (Groundball, 56D)
Bernardo Herrera to second
Batting: RHB Komotay Koffie 0-0: Ball
1-0: Ball
Balk!
Bernardo Herrera to third
Lionel McCloud to second
2-0: DOUBLE (Flyball, 89XD)
Bernardo Herrera scores
Lionel McCloud scores
Batting: RHB Juan Chávez 0-0: Ball
1-0: Swinging Strike
1-1: Foul Ball, location: 2F
1-2: Ball
2-2: Fly out, F9 (Flyball, 9S)
Batting: SHB Eduardo Pampin 0-0: Called Strike
0-1: Ball
1-1: Swinging Strike
1-2: Foul Ball, location: 2F
1-2: Foul Ball, location: 2F
1-2: Ground out 4-3 (Groundball, 4)
Bottom of the 13th over - 2 runs, 3 hits, 0 errors, 1 left on base; Echo Park 3 - Houston 3
TOP OF THE 14TH
Echo Park Lakers batting - Pitching for Houston 1837 BBC : RHP Prince Nakamura
Batting: RHB Jesús Villalba 0-0: Swinging Strike
0-1: Foul Ball, location: 2F
0-2: Ball
1-2: Foul Ball, location: 2F
1-2: Ball
2-2: Strikes out looking
Batting: RHB Habbo Allaart 0-0: Ball
1-0: Foul Ball, location: 2F
1-1: Ball
2-1: Ball
3-1: Swinging Strike
3-2: Strikes out swinging
Batting: RHB Ismael Sandoval 0-0: Ball
1-0: Ball
2-0: Called Strike
2-1: Foul Ball, location: 2F
2-2: Strikes out swinging
Top of the 14th over - 0 runs, 0 hits, 0 errors, 0 left on base; Echo Park 3 - Houston 3
BOTTOM OF THE 14TH
Houston 1837 BBC batting - Pitching for Echo Park Lakers : LHP Kaluka Wene
Batting: SHB Nobuhisa Hatoyama 0-0: Ball
1-0: Foul Ball, location: 2F
1-1: Ball
2-1: Foul Ball, location: 2F
2-2: Strikes out swinging
Batting: RHB Phil Sherman 0-0: Called Strike
0-1: Ball
1-1: SINGLE (Flyball, 7LM)
Batting: RHB Xavier Pérez 0-0: Fly out, F4 (Popup, 6M)
Batting: RHB Bernardo Herrera 0-0: Foul Ball, location: 2F
0-1: Foul Ball, location: 2F
0-2: Ball
1-2: Ball
2-2: Foul Ball, location: 2F
2-2: Ball
3-2: Fly out, F8 (Flyball, 89D)
Bottom of the 14th over - 0 runs, 1 hit, 0 errors, 1 left on base; Echo Park 3 - Houston 3
TOP OF THE 15TH
Echo Park Lakers batting - Pitching for Houston 1837 BBC : RHP Prince Nakamura
Pitching: RHP Gary Bailey
Batting: LHB Bartolo Sierra 0-0: Swinging Strike
0-1: Swinging Strike
0-2: Ball
1-2: Strikes out swinging
Batting: RHB Guillermo Coss 0-0: Ball
1-0: Called Strike
1-1: Called Strike
1-2: Fly out, F9 (Flyball, 89XD)
Batting: RHB Miguel Morán 0-0: Ground out 6-3 (Groundball, 6)
Top of the 15th over - 0 runs, 0 hits, 0 errors, 0 left on base; Echo Park 3 - Houston 3
BOTTOM OF THE 15TH
Houston 1837 BBC batting - Pitching for Echo Park Lakers : LHP Kaluka Wene
Batting: RHB Dave Yates 0-0: Ground out 3-1 (Groundball, 34)
Batting: RHB Lionel McCloud 0-0: Ground out 5-3 (Groundball, 56)
Batting: RHB Komotay Koffie 0-0: Ball
1-0: Ball
2-0: Called Strike
2-1: SINGLE (Groundball, 6MD)
Batting: RHB Juan Chávez 0-0: Ball
1-0: Called Strike
1-1: Swinging Strike
1-2: DOUBLE (Line Drive, 78S)
Komotay Koffie to third
Komotay Koffie scores
Tuesday, June 12th, 2018 - OOTP Baseball 18.8 Build 76